 Dungeon Crawl Stone Soup version 0.27-a0-1147-gb3d8e82157 (webtiles) character file.

Game seed: 898424495353703006

135 Kublaii the Shield-Bearer (level 5, 0/26 HPs)
             Began as a Gargoyle Fighter on May 10, 2021.
             Was a Believer of Hepliaklqana.
             Slain by a phantom (3 damage)
             ... on level 3 of the Dungeon on May 11, 2021.
             The game lasted 00:22:58 (2100 turns).

Kublaii the Shield-Bearer (Gargoyle Fighter)        Turns: 2100, Time: 00:22:59

Health: 0/26       AC:  7    Str: 17 (19) XL:     5   Next: 18%
Magic:  6/6        EV:  9    Int:  7 (10) God:    Hepliaklqana [**....]
Gold:   129        SH:  8    Dex:  7 (9)  Spells: 5/6 levels left

rFire    . . .     SeeInvis .     - Unarmed
rCold    . . .     Faith    .   i - +0 kite shield
rNeg     + . .     Spirit   .   l - +0 steam dragon scales
rPois    ∞         Reflect  .   (no helmet)
rElec    +         Harm     .   (no cloak)
rCorr    .         Rampage  .   (no gloves)
Will     .....                  (no boots)
Stlth    +.........             (no amulet)
HPRegen  0.00/turn              (no ring)
MPRegen  0.10/turn              (no ring)

@: flying
A: reduced essence, sickness immunity, AC +4, negative energy resistance 1,
electricity resistance, torment resistance 1, petrification resistance, big
wings, deformed body, frail 1, inhibited regeneration
a: Renounce Religion, Ancestor Life: Knight, Ancestor Life: Battlemage, Ancestor
Life: Hexer, Recall Ancestor, Ancestor Identity


You were on level 3 of the Dungeon.
You worshipped Hepliaklqana.
Hepliaklqana was pleased with you.
You visited 1 branch of the dungeon, and saw 3 of its levels.

You collected 129 gold pieces.

Inventory:

Hand Weapons
 b - a +0 hunting sling
Missiles
 d - 4 curare-tipped darts (quivered)
 f - 2 atropa-tipped darts
 h - 16 stones
Armour
 i - a +0 kite shield (worn)
 l - +0 steam dragon scales (worn)
Wands
 a - a wand of flame (7)
Scrolls
 e - a scroll of fear {unknown}
 g - a scroll of acquirement {unknown}
 j - a scroll of teleportation {unknown}
 k - a scroll of blinking {unknown}


   Skills:
 + Level 3.9 Fighting
 + Level 3.9 Armour
 + Level 3.9 Shields
 + Level 3.1 Unarmed Combat
 + Level 1.1 Spellcasting
 + Level 1.3 Conjurations


You had 5 spell levels left.
You knew the following spells:

 Your Spells              Type           Power      Damage    Failure   Level
a - Magic Dart            Conj           8%         1d3       69%         1

Your spell library contained the following spells:

 Spells                   Type           Power      Damage    Failure   Level
 Blink                    Tloc           N/A        N/A       95%         2
 Call Imp                 Summ           0%         N/A       95%         2
 Slow                     Hex            0%         N/A       95%         2
 Conjure Flame            Conj/Fire      1%         6-21      98%         3
 Mephitic Cloud           Conj/Pois/Air  1%         N/A       99%         3


Dungeon Overview and Level Annotations

Branches:
Dungeon (3/15)

Altars:
Fedhas
Hepliaklqana

Shops:
D:1 :[*

Annotations:
D:3 2 transporters, glosham's ghost, amateur DjDe


Innate Abilities, Weirdness & Mutations

Your life essence is reduced to manifest your ancestor. (-10% HP)
You are immune to sickness and miasma.
Your stone body is resilient. (AC +4)
You are immune to poison.
You resist negative energy. (rN+)
You are resistant to electric shocks. (rElec)
You are resistant to unholy torment.
You are immune to petrification.
Your large and strong wings let you fly.
Armour fits poorly on your strangely shaped body.
You are frail. (-10% HP)
You do not regenerate when monsters are visible.


Message History

You hit the phantom but do no damage.
The phantom is lightly damaged.
The phantom hits you.
The phantom blinks!
You blink.
The quokka moves out of view.
Found a dagger.
You barely miss the phantom.
The phantom is lightly damaged.
You block the worm's attack.
The phantom hits you but does no damage.
You closely miss the phantom.
The phantom is lightly damaged.
The phantom barely misses you. The worm closely misses you.
You miss the phantom.
The phantom is lightly damaged.
Khan hits the worm.
The phantom hits you.
The phantom blinks!
You blink.
You closely miss the phantom.
The phantom is lightly damaged.
The phantom hits you but does no damage.
You hit the phantom but do no damage.
The phantom is lightly damaged.
You block the phantom's attack.
The worm barely misses Khan.
Khan closely misses the phantom.
The phantom hits you.
The phantom blinks!
You blink.
You hit the phantom.
The phantom is lightly damaged.
The phantom hits you.
* * * LOW HITPOINT WARNING * * *
It was a potion of degeneration.
There was something very wrong with that liquid.
You feel weakened.
You feel dopey.
You feel clumsy. The phantom hits you.
* * * LOW HITPOINT WARNING * * *
The phantom blinks!
You blink.
The worm bites Khan.
You closely miss the phantom.
The phantom is lightly damaged.
Khan hits the worm.
The phantom closely misses you.
You closely miss the phantom.
The phantom is lightly damaged.
Khan closely misses the worm.
The worm bites Khan!
The phantom hits you.
You die...

##... .. #.. ..... .#
#.. #.#.##.# #.. #..
#.#.##.# #.# #..
#.#.##.### # #..
#..##.#.##... .#.#..
##).#....##.###...##8
#..W...............##
##..@.R..............
##....w.##..### ###
#.#.(.###..#
#.##.####..######
#...............###
##########.........
########## # #


You could see the friendly Khan the ancestor, a phantom and a worm (ally
target).

Vanquished Creatures
  Natasha (thrice) (D:2)
  A gnoll (D:1)
  A dart slug (D:1)
  2 bats
  3 endoplasms (D:1)
  4 giant cockroaches
  2 goblins (D:1)
  2 hobgoblins
  2 kobolds
  A quokka (D:2)
  3 ball pythons
  2 frilled lizards (D:1)
  5 rats
31 creatures vanquished.

Vanquished Creatures (collateral kills)
  A dart slug (D:2)
  2 ball pythons (D:2)
  A bat (D:1)
  An endoplasm (D:1)
  A giant cockroach (D:2)
  A goblin (D:3)
  2 hobgoblins (D:2)
  3 kobolds
  2 frilled lizards
  2 rats
16 creatures vanquished.

Vanquished Creatures (others)
  An ancestor (D:2)
  A plant (D:1)
2 creatures vanquished.

Grand Total: 49 creatures vanquished

Notes
Turn   | Place    | Note
-------+----------+-------------------------------------------
     0 | D:1      | Kublaii the Gargoyle Fighter began the quest for the Orb.
     0 | D:1      | Reached XP level 1. HP: 14/14 MP: 1/1
    28 | D:1      | Found Kock's Antique Armour Emporium.
   452 | D:1      | Reached XP level 2. HP: 19/19 MP: 2/2
   481 | D:1      | Found a faded altar of an unknown god.
   507 | D:1      | Became a worshipper of Hepliaklqana the Forgotten
   507 | D:1      | Reached * piety under Hepliaklqana
   533 | D:1      | Found Hissa's Assorted Antiques.
   593 | D:1      | Learned a level 1 spell: Magic Dart
   734 | D:1      | Reached XP level 3. HP: 20/20 MP: 3/3
   844 | D:1      | Found Selaren's Book Boutique.
  1230 | D:2      | Noticed Natasha
  1236 | D:2      | Killed Natasha
  1237 | D:2      | Reached skill level 1 in Conjurations
  1237 | D:2      | Reached XP level 4. HP: 13/26 MP: 4/4
  1463 | D:2      | Found a blossoming altar of Fedhas.
  1466 | D:2      | Noticed Natasha
  1472 | D:2      | Killed Natasha
  1724 | D:2      | Reached skill level 1 in Spellcasting
  1844 | D:2      | Noticed Natasha
  1859 | D:2      | Gained mutation: You do not regenerate when monsters are
                  | visible. [potion of mutation]
  1859 | D:2      | Gained mutation: You are frail. (-10% HP) [potion of
                  | mutation]
  1859 | D:2      | Gained mutation: Armour fits poorly on your strangely
                  | shaped body. [potion of mutation]
  1859 | D:2      | Gained mutation: Your large and strong wings let you fly.
                  | [potion of mutation]
  1863 | D:2      | HP: 1/23 [Natasha (1)]
  1866 | D:2      | Killed Natasha
  1867 | D:2      | Reached XP level 5. HP: 25/26 MP: 6/6
  1929 | D:2      | Reached ** piety under Hepliaklqana
  1991 | D:2      | Upgraded the game from 0.27-a0-1140-g099f9bb0e8 to
                  | 0.27-a0-1147-gb3d8e82157
  2015 | D:3      | Found a transporter.
  2024 | D:3      | Noticed glosham's ghost (amateur DjDe)
  2043 | D:3      | Found a transporter.
  2085 | D:3      | Noticed a phantom
  2100 | D:3      | Slain by a phantom

Illustrated notes

Levels and vault maps discovered:
D:1:      heliophobic_arrival_glass_houses, layout_loops_ring,
          ebering_ecumenical_altar_webs, serial_shops, shop,
          nicolae_shop_overgrown_old_shop, shop_fountains
D:2:      layout_basic, basic_altar, kennysheep_nondescript, hex_medium,
          uniq_natasha
D:3:      layout_loops_ring, gammafunk_ghost_arena

Skill      XL: |  1  2  3  4 |
---------------+-------------+-----
Conjurations   | 1 |  1.3
Unarmed Combat | 3 |  3.1
Spellcasting   | 1 |  1.1
Fighting       | |  3.9
Armour         | |  3.9
Shields        | |  3.9

Action                   |  1- 3 |  4- 6 || total
-------------------------+-------+-------++-------
Melee: Unarmed           |    84 |    53 ||   137
 Fire: Hunting sling     |     3 |       ||     3
Throw: Dart              |     5 |     3 ||     8
Invok: Ancestor Identity |     1 |       ||     1
  Use: Potion            |     1 |     5 ||     6
 Stab: Distracted        |       |     1 ||     1
Armor: Scale mail        |    39 |     8 ||    47
       Steam dragon scal |       |     8 ||     8
Dodge: Dodged            |    22 |    15 ||    37
Block: Kite shield       |    32 |    18 ||    50

Table legend: (Time is in decaauts)
 A = Elapsed time spent in this place.
 B = Non-inter-level travel time spent in this place.
 C = Inter-level travel time spent in this place.
 D = Time resting spent in this place.
 E = Time spent auto-exploring this place.
 F = Levels seen in this place.
 G = Mean time per level.
                   A        B        C        D        E       F      G
               +--------+--------+--------+--------+--------+-----+--------+
         Total |   2140 |   2105 |     35 |    240 |   1397 |   3 |  713.3 |
       Dungeon |   2140 |   2105 |     35 |    240 |   1397 |   3 |  713.3 |
               +--------+--------+--------+--------+--------+-----+--------+

Top non-repeatable levels by time:
     D:1: 1180 daAuts
     D:2: 869 daAuts
     D:3: 90 daAuts
